[Event "Late-Titled-Tuesday-Blitz-March-19-2024"]
[Site "Chess.com"]
[Date "2024.03.19"]
[Round "6"]
[White "Der_Balak_3Halak"]
[Black "ozates"]
[Result "0-1"]
[WhiteElo "2411"]
[BlackElo "2562"]
[TimeControl "180+1"]
[EndTime "15:05:01 PDT"]
[Termination "ozates won by resignation"]

1. e4 e5 2. Nf3 Nc6 3. Bc4 Nf6 4. O-O Be7 5. Re1 h6 6. c3 d6 7. d4 Bg4 8. d5 Nb8 9. h3 Bh5 10. Be2 O-O 11. Nh4 Bxe2 12. Qxe2 Nxd5 13. Nf5 Nf4 14.
Bxf4 exf4 15. Qg4 Bg5 16. h4 g6 17. Nxd6 Qxd6 18. hxg5 h5 19. Qf3 Nc6 20. Na3 Rfe8 21. Rad1 Qe5 22. Rd5 Qxd5 23. exd5 Rxe1+ 24. Kh2 Ne5 25. Qxf4 Re8 26. Nc4 Ng4+ 27. Kg3 R1e4 28. Qxc7 h4+ 29.
Kh3 Nxf2+ 30. Kh2 Re1 31. g4 R8e2 32. Ne3 Nxg4+ 33. Kh3 Nxe3 34. Kxh4 Rg2 35. Qc8+ Kh7 36. Qh3 Nf5+ 37. Qxf5 gxf5 38. g6+ Rxg6 0-1

[Event "Late-Titled-Tuesday-Blitz-March-19-2024"]
[Site "Chess.com"]
[Date "2024.03.19"]
[Round "6"]
[White "Szachulec75"]
[Black "ploxoi"]
[Result "0-1"]
[WhiteElo "2180"]
[BlackElo "2412"]
[TimeControl "180+1"]
[EndTime "15:05:01 PDT"]
[Termination "ploxoi won on time"]

1. Nf3 d5 2. g3 Nf6 3. Bg2 e6 4. d3 Be7 5. O-O O-O 6. Nbd2 Nbd7 7. e4 c5 8. e5 Ne8 9. Re1 b6 10. Nf1 Bb7 11. c3 Nc7 12. h4 f6 13. exf6 Nxf6 14. Ng5 Qd7 15. Bh3 Kh8 16. Nxe6 Nxe6 17. Bxe6 Qd6 18. Bf4 Qd8 19. d4 cxd4 20. cxd4 Ne4 21. Be3 Bd6 22. Rc1 Qf6 23. Bg4 Nxf2 24. Qe2 Nxg4 25. Qxg4 Ba6 26. Nd2 Rae8 27. Qg5 Qxg5 28. Bxg5 Bxg3 29. Rxe8 Rxe8 30. Nf3 h6 31. Kg2 Bd6 32.
Bd2 Re2+ 33. Kg1 Kh7 34. Bc3 Re3 35. Kg2 Bf4 36. Rd1 Be2 37. Rd2 Bxf3+ 0-1

[Event "Late-Titled-Tuesday-Blitz-March-19-2024"]
[Site "Chess.com"]
[Date "2024.03.19"]
[Round "6"]
[White "VladimirKramnik"]
[Black "DamianoLew95"]
[Result "1-0"]
[WhiteElo "3001"]
[BlackElo "2735"]
[TimeControl "180+1"]
[EndTime "15:05:02 PDT"]
[Termination "VladimirKramnik won on time"]

1. e4 e6 2. d4 d5 3. exd5 exd5 4.
Nf3 Nf6 5. Bd3 c5 6. O-O c4 7.
Re1+ Be7 8. Bf1 O-O 9. Bg5 h6 10. Bh4 Nc6 11. b3 cxb3 12. axb3 Ne4 13. Bxe7 Qxe7 14. c4 Be6 15. Bd3 Nf6 16. c5 Qd8 17. h3 Re8 18. Nc3 a6 19. Qd2 Qc7 20. Re3 Bd7 21. Rae1 Rxe3 22. Rxe3 Re8 23. Rxe8+ Bxe8 24. Qe3 Bd7 25. Ne5 Be6 26. f4 Nxe5 27. dxe5 Nd7 28. b4 a5 29. Nb5 Qc6 30. Nd4 Qc7 31. f5 Qxe5 32. Qxe5 Nxe5 33. fxe6 fxe6 34. bxa5 Nxd3 35.
c6 bxc6 36. a6 1-0

[Event "Late-Titled-Tuesday-Blitz-March-19-2024"]
[Site "Chess.com"]
[Date "2024.03.19"]
[Round "6"]
[White "alexrustemov"]
[Black "Malev212"]
[Result "1-0"]
[WhiteElo "2864"]
[BlackElo "2634"]
[TimeControl "180+1"]
[EndTime "15:05:05 PDT"]
[Termination "alexrustemov won by resignation"]

1. d4 g6 2. c4 Bg7 3. Nf3 d6 4. g3 c5 5. Bg2 Nc6 6. dxc5 Qa5+ 7. Nbd2 Qxc5 8. O-O Be6 9. Qa4 Nf6 10. a3 O-O 11. b4 Qh5 12. Bb2 a6 13. Rac1 Rfc8 14.
Qb3 b5 15. Qd3 Bf5 16. e4 Bg4 17. cxb5 axb5 18. Rfe1 Nd7 19. Bxg7 Kxg7 20. Qc3+ Kg8 21. Qb2 Nde5 22. Nxe5 Nxe5 23. Rxc8+ Rxc8 24. Rc1 Rd8 25. Qc3 Be2 26. h3 Nd3 27. Ra1 Qe5 28. Qxe5 dxe5 29. Nb3 Nb2 30. Ra2 Rd1+ 31. Kh2 Rb1 32. Nd2 Bc4 33.
Nxb1 Bxa2 34. Nc3 Bc4 35. Kg1 e6 36. Bf1 1-0

[Event "Late-Titled-Tuesday-Blitz-March-19-2024"]
[Site "Chess.com"]
[Date "2024.03.19"]
[Round "6"]
[White "kikoveiga"]
[Black "Viktor_Poddubnyi"]
[Result "0-1"]
[WhiteElo "2499"]
[BlackElo "2295"]
[TimeControl "180+1"]
[EndTime "15:05:05 PDT"]
[Termination "Viktor_Poddubnyi won by resignation"]

1. e4 g6 2. d4 Bg7 3. Nc3 d6 4.
Be3 a6 5. Qd2 b5 6. Bd3 Bb7 7.
f3 Nd7 8. O-O-O c5 9. h4 cxd4 10. Bf2 dxc3 11. bxc3 Rc8 12. Ne2 Qa5 13. Nd4 Qxc3 14. Qxc3 Rxc3 15. Nb3 h5 16. f4 Nh6 17. Rhe1 O-O 18. e5 dxe5 19. Bxg6 fxg6 20. Rxd7 Bxg2 21. Rxe7 exf4 22. Rxg7+ Kxg7 23. Bd4+ Kg8 24. Bxc3 f3 25. Re7 Nf5 26. Rd7 f2 27. Nd2 f1=Q+ 28. Nxf1 Bxf1 29. Kd2 Bc4 30. Ra7 Bf7 31. Rxa6 Nxh4 32.
Ra5 Bc4 33. Ra7 Nf5 34. Be5 Re8 35. Bf6 h4 36. Kc3 h3 0-1

[Event "Late-Titled-Tuesday-Blitz-March-19-2024"]
[Site "Chess.com"]
[Date "2024.03.19"]
[Round "6"]
[White "TheMagician"]
[Black "EternalNight8"]
[Result "0-1"]
[WhiteElo "2225"]
[BlackElo "2466"]
[TimeControl "180+1"]
[EndTime "15:05:09 PDT"]
[Termination "EternalNight8 won on time"]

1. d4 Nf6 2. c4 e6 3. Nc3 Bb4 4. Qc2 O-O 5. Bg5 h6 6. Bxf6 Qxf6 7. e3 c5 8. Nf3 Nc6 9. O-O-O Bxc3 10. Qxc3 Nb4 11.
Kb1 d5 12. dxc5 Qg6+ 13. Bd3 Nxd3 14. Rxd3 e5 15. Nxe5 Qxg2 16. Rdd1 Qe4+ 17. Ka1 f6 18.
Nd3 dxc4 19. Nf4 Bg4 20. Rc1 b5 21. Rhg1 Bf5 22. b4 Rfd8 23. Nh5 Bg6 24. Nf4 Bf7 25. Rcd1 Kh7 26. Rd4 Qe5 27. Qc2+ Kg8 28. Rd1 Rxd4 29. Rxd4 a5 0-1

[Event "Late-Titled-Tuesday-Blitz-March-19-2024"]
[Site "Chess.com"]
[Date "2024.03.19"]
[Round "6"]
[White "BilicVladimir"]
[Black "Narek_Ghimoyan"]
[Result "1-0"]
[WhiteElo "2674"]
[BlackElo "2452"]
[TimeControl "180+1"]
[EndTime "15:05:12 PDT"]
[Termination "BilicVladimir won by resignation"]

1. e4 c5 2. Nf3 d6 3. Bb5+ Bd7 4. Bxd7+ Qxd7 5. c4 Nc6 6. O-O Nf6 7. Nc3 e6 8. d4 cxd4 9. Nxd4 Be7 10. b3 O-O 11. Bb2 Rac8 12. Rc1 a6 13. Nxc6 Qxc6 14. Qe2 Nd7 15. Rfd1 Rfd8 16. Nd5 Bf8 17. Nf4 Ne5 18. Nd3 Nxd3 19. Qxd3 b5 20. cxb5 Qxb5 21. Qxb5 axb5 22.
Kf1 f6 23. Ke2 Kf7 24. a3 e5 25. Kd3 Ke6 26. Rxc8 Rxc8 27. Rc1 Rxc1 28. Bxc1 d5 29.
exd5+ Kxd5 30. a4 bxa4 31. bxa4 Bb4 32. f3 f5 33. Bb2 g6 34. Bc3 Bc5 35. a5 e4+ 36.
fxe4+ fxe4+ 37. Ke2 Kc4 38. Bd2 Kb5 39. g4 Bd4 40. h3 Bc5 41. Bc3 Bg1 42. Bd2 Bc5 43. Be3 Bb4 44. Bb6 Bxa5 45. Bxa5 Kxa5 46. Ke3 Kb5 47.
Kxe4 Kc6 48. Ke5 h5 49. g5 h4 50. Kf6 Kd5 51. Kxg6 Ke4 52. Kf6 Kf4 53. g6 Kg3 54. g7 Kxh3 55. g8=Q Kh2 56. Kf5 h3 57. Kf4 Kh1 58.
Kf3 Kh2 59. Qg3+ Kh1 60. Qxh3+ Kg1 1-0

[Event "Late-Titled-Tuesday-Blitz-March-19-2024"]
[Site "Chess.com"]
[Date "2024.03.19"]
[Round "6"]
[White "Evgeny81"]
[Black "Matrix3x3a"]
[Result "1-0"]
[WhiteElo "2783"]
[BlackElo "2608"]
[TimeControl "180+1"]
[EndTime "15:05:14 PDT"]
[Termination "Evgeny81 won by resignation"]

1. e4 c5 2. Nf3 d6 3. d4 cxd4 4. Nxd4 Nf6 5. Nc3 a6 6. Be3 e5 7. Nb3 Be6 8. Be2 Be7 9. O-O Nbd7 10. a4 Rc8 11. a5 Rxc3 12. bxc3 Nxe4 13. Qd3 d5 14. c4 Bf5 15. Qxd5 Nc3 16. Qd2 Nxe2+ 17.
Qxe2 O-O 18. Rfd1 Qc7 19. c5 Rc8 20. Ra4 Be6 21. h3 h6 22. Qf3 f5 23. Rb4 Rb8 24. Qe2 g5 25. Qh5 Kg7 26. h4 Nf6 27. Qe2 f4 28.
hxg5 hxg5 29. Bd4 Nd7 30. Bb2 Bf6 31. Rd6 Bf7 32. Nd2 Re8 33. Ne4 Nxc5 34. Rxf6 Nxe4 35.
Rxf7+ Kxf7 36. Rxe4 Qxa5 37. Rxe5 Rxe5 38. Bxe5 Qd5 39.
c4 Qe6 40. Qe4 b5 41. c5 Qc4 42. Qf5+ Ke7 1-0

[Event "Late-Titled-Tuesday-Blitz-March-19-2024"]
[Site "Chess.com"]
[Date "2024.03.19"]
[Round "6"]
[White "liwadas82"]
[Black "BebeBonito2022"]
[Result "1-0"]
[WhiteElo "2513"]
[BlackElo "2289"]
[TimeControl "180+1"]
[EndTime "15:05:16 PDT"]
[Termination "liwadas82 won on time"]

1. e4 e5 2. Nf3 Nc6 3. Bb5 f5 4. d3 fxe4 5. dxe4 Nf6 6. Qe2 Bc5 7. O-O d6 8. c3 O-O 9. b4 Bb6 10. a4 a5 11. Bc4+ Kh8 12. b5 Ne7 13. Ng5 Qe8 14.
Ne6 Bxe6 15. Bxe6 Ng6 16. Bb3 Nf4 17. Bxf4 exf4 18. Nd2 Qg6 19. Kh1 f3 20. Nxf3 Qxe4 21. Rae1 Rae8 22. Qd2 Qf5 23. Bc2 Qh5 24. Rxe8 Rxe8 25.
Re1 Ng4 26. Rxe8+ Qxe8 27. Nd4 Qf7 28. f3 Ne5 29. Qg5 Qf6 30. Qxf6 gxf6 31. Be4 Nd7 32. Ne6 Nc5 33. Nxc5 Bxc5 34. Bxb7 Kg7 35. Be4 h6 36. c4 Kf7 37. g3 Ke6 38. f4 Bd4 39. Kg2 1-0

[Event "Late-Titled-Tuesday-Blitz-March-19-2024"]
[Site "Chess.com"]
[Date "2024.03.19"]
[Round "6"]
[White "Igrok3069"]
[Black "Firouzja2003"]
[Result "1-0"]
[WhiteElo "2875"]
[BlackElo "3080"]
[TimeControl "180+1"]
[EndTime "15:05:17 PDT"]
[Termination "Igrok3069 won on time"]

1. d4 Nf6 2. Nf3 g6 3. Bf4 Bg7 4. e3 O-O 5. Be2 d6 6. O-O Nc6 7. h3 Nd7 8. c4 e5 9. Bh2 exd4 10. exd4 Qf6 11. d5 Qxb2 12. dxc6 Qxa1 13. cxd7 Bxd7 14. Qb3 Bc6 15. Na3 Qf6 16. Nb5 Rae8 17. Bd1 Bxb5 18.
Qxb5 b6 19. Qa6 Bh6 20. Qxa7 Re7 21. Bg3 Bf4 22. Bh4 g5 23. Bg3 h6 24. Qa3 Rfe8 25.
Qd3 Bxg3 26. fxg3 Re3 27. Qd5 Qe6 28. Qd2 Qxc4 29. Bb3 Qc5 30. Kh2 d5 31. Nd4 R3e4 32. Nf5 c6 33. Nxh6+ Kh7 34. Qxg5 1-0

[Event "Late-Titled-Tuesday-Blitz-March-19-2024"]
[Site "Chess.com"]
[Date "2024.03.19"]
[Round "6"]
[White "flawian2008"]
[Black "ExtremeLearner"]
[Result "1-0"]
[WhiteElo "2401"]
[BlackElo "2544"]
[TimeControl "180+1"]
[EndTime "15:05:17 PDT"]
[Termination "flawian2008 won by resignation"]

1. d4 Nf6 2. c4 c5 3. d5 b5 4. cxb5 a6 5. bxa6 g6 6. Nc3 Bg7 7. e4 O-O 8. e5 Ne8 9. h4 Bxe5 10.
Bh6 Ng7 11. h5 Qa5 12. Qd2 Bxa6 13. Nf3 Bf6 14. Ng5 Bxf1 15. Kxf1 Qb4 16. Re1 Qd4 17.
Qc2 Qc4+ 18. Kg1 Rxa2 19. Nge4 Bd4 20. Qd2 Ra6 21. Qg5 Bf6 22. Nxf6+ exf6 23. Qd2 g5 24. Ne4 Re8 25. Qe3 Rc8 26. d6 Qe6 27. Qc3 Rxd6 28. Rh3 Rd4 29. Rhe3 Nc6 30. Qxc5 Rd5 31. Qxd5 Qxd5 32.
Nxf6+ Kh8 33. Nxd5 Ne6 34. b4 Ncd4 35. Rb1 Nf5 36. Rc3 Rxc3 37. Nxc3 Nxh6 38. b5 Nc5 39. b6 Nb7 40. Ra1 Nf5 41. Ra7 Nfd6 42. Nb5 Nxb5 43. Rxb7 d5 44. Rd7 1-0

[Event "Late-Titled-Tuesday-Blitz-March-19-2024"]
[Site "Chess.com"]
[Date "2024.03.19"]
[Round "6"]
[White "simaopdias"]
[Black "MathiasWomacka"]
[Result "0-1"]
[WhiteElo "2272"]
[BlackElo "2490"]
[TimeControl "180+1"]
[EndTime "15:05:18 PDT"]
[Termination "MathiasWomacka won by resignation"]

1. e4 c5 2. Nf3 d6 3. d4 cxd4 4.
Nxd4 Nf6 5. Nc3 a6 6. Bg5 e6 7. f4 h6 8. Bxf6 Qxf6 9. Qd2 Nc6 10. Nf3 g5 11. fxg5 hxg5 12. Qxg5 Qxg5 13. Nxg5 b5 14.
Bd3 Rg8 15. h4 f6 16. Nf3 Rxg2 17. O-O-O Bh6+ 18. Kb1 Bb7 19. Rdg1 Rxg1+ 20. Rxg1 Kf7 21. a3 Rh8 22. Ne2 Be3 23. Rg3 Ne7 24. Rh3 Bh6 25. Ned4 Ng6 26. Ne2 Nf4 27. Nxf4 Bxf4 28. c3 d5 29.
exd5 Bxd5 30. h5 f5 31. Kc2 Kf6 32. Be2 e5 33. Nd2 e4 34. Nb3 Be5 35. Nc5 Bc6 36.
a4 bxa4 37. Nxa6 f4 38. Nb4 Bb7 39. Bb5 f3 40. Nc6 Bf4 41. Kd1 Bc8 42. Rh1 Bg4 43.
Nd4 e3 44. Ke1 Bg3+ 45. Kf1 Rxh5 46. Rxh5 Bxh5 47. c4 e2+ 0-1

[Event "Late-Titled-Tuesday-Blitz-March-19-2024"]
[Site "Chess.com"]
[Date "2024.03.19"]
[Round "6"]
[White "uzkuzk"]
[Black "Zampronha1971"]
[Result "0-1"]
[WhiteElo "2481"]
[BlackElo "2327"]
[TimeControl "180+1"]
[EndTime "15:05:19 PDT"]
[Termination "Zampronha1971 won by checkmate"]

1. a3 d5 2. e4 c5 3. exd5 Qxd5 4. Nc3 Qd8 5. Nf3 Nf6 6. b3 Nc6 7. Bb2 Bg4 8. Bc4 e6 9. h3 Bh5 10. g4 Bg6 11. d3 Be7 12. Qe2 a6 13. a4 Nd4 14.
Nxd4 cxd4 15. Nb1 O-O 16. Nd2 Bb4 17. O-O Bxd2 18. Qxd2 Qd6 19. Ba3 Qc6 20. Bxf8 Rxf8 21. a5 Qf3 22. Kh2 h5 23. g5 Bf5 24. Rh1 Bxh3 25.
Rhg1 Ng4+ 26. Rxg4 Bxg4 27. Rh1 Rc8 28. Kg1 Rc5 29. Rh2 Re5 30. Rg2 Re2 31. Qb4 Qf4 32. g6 fxg6 33. Rh2 Qe5 34. Qxb7 Kh7 35. Rh4 Qf4 36. Kg2 Qxf2+ 37. Kh1 Re1# 0-1

[Event "Late-Titled-Tuesday-Blitz-March-19-2024"]
[Site "Chess.com"]
[Date "2024.03.19"]
[Round "6"]
[White "Bastiandash"]
[Black "BardArtem"]
[Result "0-1"]
[WhiteElo "2601"]
[BlackElo "2748"]
[TimeControl "180+1"]
[EndTime "15:05:20 PDT"]
[Termination "BardArtem won by resignation"]

1. e4 d5 2. exd5 Qxd5 3. Nc3 Qe5+ 4. Be2 Bg4 5. d4 Bxe2 6. Ngxe2 Qa5 7. O-O Nf6 8. Nf4 c6 9. Qe2 e6 10. Re1 Be7 11. Bd2 Qd8 12. Rad1 O-O 13. Be3 Nbd7 14. h4 Nd5 15. Ncxd5 cxd5 16. g3 Nf6 17. Nh5 Rc8 18.
c3 Qa5 19. a3 Qb6 20. Bg5 Qd8 21. Bxf6 Bxf6 22. Rd3 g6 23. Nxf6+ Qxf6 24. Rf3 Qe7 25.
h5 Rce8 26. Qe3 f6 27. hxg6 hxg6 28. Kg2 Kg7 29. Rh1 Rh8 30. Rxh8 Rxh8 31. Qe2 Qd7 32.
Re3 e5 33. g4 e4 34. Rg3 Qd6 35. c4 Qf4 36. cxd5 Qh6 37. f4 Qh1+ 38. Kf2 Rh2+ 0-1

[Event "Late-Titled-Tuesday-Blitz-March-19-2024"]
[Site "Chess.com"]
[Date "2024.03.19"]
[Round "6"]
[White "DrKerfuffle"]
[Black "FredddieCroderg"]
[Result "0-1"]
[WhiteElo "2824"]
[BlackElo "2308"]
[TimeControl "180+1"]
[EndTime "15:05:20 PDT"]
[Termination "FredddieCroderg won on time"]

1. e4 c6 2. d4 d5 3. exd5 cxd5 4. c4 Nf6 5. Nc3 e6 6. Nf3 Be7 7. cxd5 Nxd5 8. Bd3 O-O 9. O-O Nc6 10. Re1 Nf6 11. a3 b6 12. Bc2 Ba6 13. b4 Rc8 14. b5 Na5 15. bxa6 Rxc3 16. Bd2 Rc7 17. Bb4 Nc4 18. Bb3 Nd5 19. Bxe7 Qxe7 20. Qd3 Rfc8 21. Qe4 Qf6 22. h4 g6 23. Rac1 Nd6 24. Rxc7 Rxc7 25. Qe5 Qxe5 26.
Nxe5 Rc3 27. Bxd5 exd5 28. Re3 Rc1+ 29. Kh2 Nc4 30. Nxc4 Rxc4 31. Re7 Rxd4 32. Rxa7 Rxh4+ 33. Kg3 Ra4 34. Kf3 Rxa3+ 35. Ke2 Kg7 36. Kd2 b5 37.
Kc2 b4 38. Kb2 h5 39. Ra8 h4 40. a7 g5 41. Kc2 g4 42. Kb2 h3 43. gxh3 gxh3 0-1

[Event "Late-Titled-Tuesday-Blitz-March-19-2024"]
[Site "Chess.com"]
[Date "2024.03.19"]
[Round "6"]
[White "picturesquecheck"]
[Black "carloseduar100"]
[Result "1-0"]
[WhiteElo "2420"]
[BlackElo "2254"]
[TimeControl "180+1"]
[EndTime "15:05:20 PDT"]
[Termination "picturesquecheck won by checkmate"]

1. e4 e6 2. d4 d5 3. Nd2 c5 4. exd5 Qxd5 5. Ngf3 Nc6 6. Bc4 Qd7 7. dxc5 Bxc5 8. O-O Nf6 9. Nb3 Bd6 10. Bg5 h6 11.
Bxf6 gxf6 12. Re1 Qc7 13. Bf1 h5 14. c4 h4 15. h3 Ne5 16. c5 Nxf3+ 17. Qxf3 Be5 18.
Rad1 Bd7 19. Nd4 O-O-O 20. c6 Bxd4 21. cxd7+ Rxd7 22. Rc1 Bxb2 23. Rxc7+ Kxc7 24. Qb3 Be5 25. Rb1 b6 26. Rc1+ Kb8 27. Ba6 Rhd8 28. Qc2 Rc7 29. Qb1 Rxc1+ 30. Qxc1 Bc7 31. f4 Rd6 32. Qb1 f5 33.
Qb5 Bd8 34. Qe8 Kc7 35. Qxf7+ Kc6 36. Qe8+ Kc7 37. Kh2 Kb8 38. Kg1 Kc7 39. Kf2 Kb8 40.
Ke2 Kc7 41. a4 Kb8 42. Bc4 Kc7 43. Bxe6 Kb7 44. Bxf5 Bc7 45. Be4+ Ka6 46. Qb5# 1-0

[Event "Late-Titled-Tuesday-Blitz-March-19-2024"]
[Site "Chess.com"]
[Date "2024.03.19"]
[Round "6"]
[White "subham777"]
[Black "bescmelasti"]
[Result "0-1"]
[WhiteElo "2535"]
[BlackElo "2682"]
[TimeControl "180+1"]
[EndTime "15:05:22 PDT"]
[Termination "bescmelasti won by resignation"]

1. e4 c5 2. Nf3 e6 3. g3 Nc6 4. Bg2 Nf6 5. d3 d5 6. exd5 exd5 7. O-O Be7 8. c3 O-O 9. d4 Bg4 10. dxc5 Bxc5 11. Nbd2 Bb6 12. Nb3 Re8 13. Bf4 Qd7 14. Qd3 Rad8 15. Rfe1 Ne4 16. Nfd4 Bh3 17. Bxe4 dxe4 18.
Rxe4 Rxe4 19. Qxe4 Re8 20. Qf3 Nxd4 21. cxd4 Bxd4 22.
Rd1 Bg4 23. Qd3 Bxd1 24. Qxd4 Qxd4 25. Nxd4 f6 26. Be3 a6 27. Kf1 Ba4 28. Ke2 Bd7 29. Kd3 Kf7 30. Kc4 Be6+ 31. Kc5 Bxa2 32. Kb6 Bd5 33.
b4 h5 34. Nf5 Re6+ 35. Kc5 Bc6 36. Nd4 Re5+ 37. Kb6 Bg2 38. Bf4 Rd5 39. Be3 g5 40.
f3 g4 41. fxg4 hxg4 42. Nb3 Rd3 43. Nc5 Rxe3 0-1

[Event "Late-Titled-Tuesday-Blitz-March-19-2024"]
[Site "Chess.com"]
[Date "2024.03.19"]
[Round "6"]
[White "Goryachkina"]
[Black "Alex_Sahakyan2006"]
[Result "0-1"]
[WhiteElo "2657"]
[BlackElo "2821"]
[TimeControl "180+1"]
[EndTime "15:05:23 PDT"]
[Termination "Alex_Sahakyan2006 won by resignation"]

1. e4 c6 2. d4 d5 3. e5 Bf5 4.
Bd3 Bxd3 5. Qxd3 e6 6. Ne2 c5 7.
c3 Nc6 8. O-O Nge7 9. Nd2 Nf5 10.
Nf3 Be7 11. g4 Nh4 12. Nxh4 Bxh4 13. f4 Be7 14. Be3 Qb6 15. b3 h5 16. g5 g6 17.
Kh1 O-O 18. Ng3 cxd4 19. cxd4 Nb4 20. Qd1 Kg7 21. f5 exf5 22. Rxf5 Qe6 23. Rf2 Rac8 24. Qf3 Nc2 25. Raf1 Rc3 26. Rxc2 Rxc2 27. Ne2 Qg4 28. Nf4 Qxf3+ 29. Rxf3 Bxg5 30. Nxd5 Bxe3 31. Nxe3 Rxa2 32. d5 Re8 33. Nc4 b5 34. Nd6 Rxe5 35.
Rxf7+ Kh6 36. Rf1 Rxd5 37. Nf7+ Kg7 38. h4 Rf5 0-1

[Event "Late-Titled-Tuesday-Blitz-March-19-2024"]
[Site "Chess.com"]
[Date "2024.03.19"]
[Round "6"]
[White "Bugcrusher"]
[Black "Jamal-Jamal-Jamal"]
[Result "1-0"]
[WhiteElo "2471"]
[BlackElo "2250"]
[TimeControl "180+1"]
[EndTime "15:05:23 PDT"]
[Termination "Bugcrusher won by resignation"]

1. e4 c5 2. Nc3 Nc6 3. Bb5 Nd4 4. Nf3 Nxb5 5. Nxb5 a6 6. Nc3 b5 7. d4 cxd4 8. Qxd4 Bb7 9. Bg5 Rc8 10. O-O-O Qc7 11.
Rhe1 Nf6 12. Bxf6 exf6 13. e5 f5 14. Rd2 Bc5 15. Nd5 Bxd5 16. Qxd5 O-O 17. Qxd7 Qxd7 18.
Rxd7 Bxf2 19. Re2 Bc5 20. e6 fxe6 21. Rxe6 Rfe8 22. Rxe8+ Rxe8 23. Kd2 Re6 24. Nd4 Bxd4 25. Rxd4 Kf7 26. Rd7+ Kf6 27. b3 Rc6 28. Kd3 g5 29. c4 bxc4+ 30. bxc4 h5 31. Kd4 g4 32. Kd5 Rc8 33. g3 h4 34. c5 hxg3 35. hxg3 f4 36. gxf4 g3 37. Rb7 Kf5 38. Rg7 Kxf4 39. c6 Kf3 40.
Kd6 Kf2 41. Kd7 Ra8 42. c7 g2 43. c8=Q Rxc8 44. Kxc8 g1=Q 45. Rxg1 Kxg1 46. a4 Kf2 47. a5 Ke3 48. Kb7 Ke4 49. Kxa6 Kd5 50. Kb7 Kd6 51. a6 Kd7 52. a7 1-0

[Event "Late-Titled-Tuesday-Blitz-March-19-2024"]
[Site "Chess.com"]
[Date "2024.03.19"]
[Round "6"]
[White "Yan_Dyomin2010"]
[Black "azikom"]
[Result "1-0"]
[WhiteElo "2740"]
[BlackElo "2596"]
[TimeControl "180+1"]
[EndTime "15:05:24 PDT"]
[Termination "Yan_Dyomin2010 won by resignation"]

1. e4 c6 2. d4 d5 3. e5 Bf5 4. Nf3 e6 5. Be2 Nd7 6. O-O Ne7 7. Nbd2 h6 8. Re1 Bh7 9. Nf1 Ng6 10. Bd3 Be7 11.
Ng3 O-O 12. c3 c5 13. Be3 Rc8 14. Qd2 Re8 15. Rac1 a6 16. Bb1 b5 17. dxc5 Nxc5 18.
Bd4 Nf8 19. Bxh7+ Nxh7 20. Re2 Nd7 21. Rf1 Nb6 22. b3 Nd7 23. Ne1 Bc5 24. f4 Bxd4+ 25.
cxd4 f5 26. exf6 Nhxf6 27. Nf3 Qc7 28. h3 Qc3 29. Kh2 Qxd2 30. Rxd2 Rc3 31. Re1 Nf8 32. Rde2 Rec8 33. f5 exf5 34. Nxf5 R8c7 35. Ne7+ Kh7 36. Re5 Rc2 37. Nxd5 Nxd5 38. Rxd5 Rxa2 39. Rd8 Rf7 40. Kg3 Rb2 41. Ree8 Nd7 42. Rh8+ Kg6 43. Rxd7 Rxd7 44. Ne5+ Kf5 45. Nxd7 Rxb3+ 46. Kh2 a5 47. Rf8+ Kg6 48. d5 a4 49. d6 Rb2 50. Ne5+ Kh7 51. d7 1-0

[Event "Late-Titled-Tuesday-Blitz-March-19-2024"]
[Site "Chess.com"]
[Date "2024.03.19"]
[Round "6"]
[White "SultaiC"]
[Black "Vahe_Danielyan"]
[Result "0-1"]
[WhiteElo "2510"]
[BlackElo "2662"]
[TimeControl "180+1"]
[EndTime "15:05:24 PDT"]
[Termination "Vahe_Danielyan won on time"]

1. e4 c5 2. Nf3 d6 3. d4 cxd4 4.
Nxd4 Nf6 5. Nc3 g6 6. Be3 Bg7 7. f3 Nc6 8. Qd2 Bd7 9. Bc4 a6 10. O-O O-O 11. Rad1 Ne5 12. Bb3 Rc8 13. Rfe1 b5 14.
Qf2 Nc4 15. Bxc4 Rxc4 16. Nb3 Qc7 17. Bb6 Qb7 18. Na5 Qc8 19. Nxc4 Qxc4 20. Qd4 Qc6 21. Qf2 Be6 22. Nd5 Bxd5 23. exd5 Nxd5 24. Bd4 e5 25.
Be3 Nxe3 26. Rxe3 d5 27. c3 d4 28. cxd4 exd4 29. Re4 Rd8 30. Qh4 Bf6 31. Qh6 d3 32.
Qe3 Qc2 33. Qd2 Kg7 34. h4 Bxb2 35. h5 Qxd2 36. Rxd2 Bc3 37. Rd1 b4 38. hxg6 hxg6 39. Kf2 a5 40. Ke3 d2 41. Rc4 a4 42. a3 Re8+ 43.
Kd3 Re1 44. Rxd2 Bxd2 45. Kxd2 Rg1 46. Rxb4 Rxg2+ 47. Ke3 f5 48. f4 Rg3+ 49. Kd4 Rxa3 50. Rb7+ Kh6 51. Ke5 Re3+ 52. Kf6 a3 53. Rb1 Rh3 54.
Rg1 Kh7 55. Kf7 a2 56. Kf6 Ra3 57. Ra1 Ra6+ 58. Kf7 Ra7+ 59. Kf6 Ra4 60. Kf7 Ra7+ 0-1

[Event "Late-Titled-Tuesday-Blitz-March-19-2024"]
[Site "Chess.com"]
[Date "2024.03.19"]
[Round "6"]
[White "Kampkatten"]
[Black "Oleksandr_Bortnyk"]
[Result "0-1"]
[WhiteElo "2844"]
[BlackElo "3073"]
[TimeControl "180+1"]
[EndTime "15:05:25 PDT"]
[Termination "Oleksandr_Bortnyk won by checkmate"]

1. Nf3 Nf6 2. g3 b6 3. Bg2 Bb7 4. O-O g6 5. c4 Bg7 6. d4 O-O 7.
Nc3 Ne4 8. Bd2 e6 9. Rc1 Nxd2 10. Qxd2 d6 11. e4 Nd7 12. Qe2 a5 13. Rfd1 Qe7 14.
h4 a4 15. Qe3 Ra5 16. Nb5 c6 17. Nc3 h6 18. b4 axb3 19. axb3 Rfa8 20. Rb1 Nf6 21. Ne1 Ng4 22. Qe2 h5 23. Nc2 c5 24.
b4 cxb4 25. Rxb4 Rc8 26. Rxb6 Ba6 27. Rb4 Qc7 28. Bf1 Kh7 29. Rdb1 d5 30. exd5 exd5 31.
Qf3 dxc4 32. Ne4 Rf5 33. Ng5+ Kg8 34. Qa3 Rxf2 35. Rc1 Bb7 36. Rxc4 Rxf1+ 37. Rxf1 Qxc4 38. Rxf7 Bxd4+ 39. Nxd4 Qxd4+ 40. Kf1 Qd1# 0-1

[Event "Late-Titled-Tuesday-Blitz-March-19-2024"]
[Site "Chess.com"]
[Date "2024.03.19"]
[Round "6"]
[White "Oligan22"]
[Black "mightysmasher"]
[Result "0-1"]
[WhiteElo "2412"]
[BlackElo "2589"]
[TimeControl "180+1"]
[EndTime "15:05:25 PDT"]
[Termination "mightysmasher won on time"]

1. e4 e6 2. d4 d5 3. Nc3 dxe4 4. Nxe4 Nd7 5. Nf3 Ngf6 6. Nxf6+ Nxf6 7. Bd3 c5 8. Bg5 cxd4 9. Nxd4 Bc5 10. Nb3 Bd6 11. Qd2 h6 12. Bh4 Ne4 13. Bxe4 Qxh4 14. Bf3 Bc7 15. g3 Qf6 16. Be2 O-O 17. c3 b6 18.
O-O Bb7 19. Qd7 Qe5 20. Rae1 Rad8 21. Qb5 Qxb5 22. Bxb5 Rd5 23. Bc4 Rdd8 24. Rd1 Bf3 25. Rd2 Rxd2 26. Nxd2 Bb7 27. f4 Rd8 28.
Nb3 a5 29. Kf2 a4 30. Nd4 Bd6 31. a3 Bc5 32. Ke3 Kf8 33. Bb5 Ke7 34. Bxa4 f6 35. Re1 e5 36. fxe5 fxe5 37. Kd3 Kf6 38. Rf1+ Kg6 39. b4 Ba6+ 0-1

[Event "Late-Titled-Tuesday-Blitz-March-19-2024"]
[Site "Chess.com"]
[Date "2024.03.19"]
[Round "6"]
[White "Quattroporte300"]
[Black "stepanosinovsky"]
[Result "0-1"]
[WhiteElo "2496"]
[BlackElo "2347"]
[TimeControl "180+1"]
[EndTime "15:05:25 PDT"]
[Termination "stepanosinovsky won by resignation"]

1. e4 Nf6 2. e5 Nd5 3. d4 d6 4. c4 Nb6 5. exd6 exd6 6. Nc3 g6 7. Be3 Bg7 8. Rc1 O-O 9. b3 Re8 10. Nf3 Nc6 11. Be2 Bg4 12. O-O a5 13. h3 Bxf3 14.
Bxf3 a4 15. c5 Nd7 16. Nxa4 dxc5 17. dxc5 Nde5 18. Be2 Qh4 19. Qc2 Nd4 20. Bxd4 Qxd4 21. Rfd1 Qh4 22. Rd5 Nc6 23. Qd2 Bh6 24. Rc4 Qxc4 25.
Bxc4 Bxd2 26. Rxd2 Rad8 27. Bd5 Nb4 28. Nc3 c6 29. a3 Nxd5 30. Na4 Nf4 31. Rc2 Re2 32. Rc4 Nd3 33. Nb6 Re1+ 34. Kh2 Nxf2 35. Rf4 Nd3 36. Rf3 Nxc5 37. Nc4 Nxb3 38. Ne5 Rxe5 39. Rxb3 Rb5 40. Re3 Ra8 41. h4 Rba5 42. g4 Rxa3 43. Re7 Ra2+ 44. Kg3 R2a3+ 45. Kf4 R3a4+ 46. Kg5 Kg7 47. h5 h6+ 48.
Kh4 g5+ 49. Kg3 Ra3+ 50. Kf2 Ra2+ 0-1

[Event "Late-Titled-Tuesday-Blitz-March-19-2024"]
[Site "Chess.com"]
[Date "2024.03.19"]
[Round "6"]
[White "Fandorine"]
[Black "Jagerrmeisterr"]
[Result "1-0"]
[WhiteElo "2936"]
[BlackElo "2760"]
[TimeControl "180+1"]
[EndTime "15:05:26 PDT"]
[Termination "Fandorine won by resignation"]

1. d4 Nf6 2. c4 e6 3. g3 Bb4+ 4. Bd2 Qe7 5. Bg2 O-O 6. e3 Bxd2+ 7. Qxd2 e5 8. dxe5 Qxe5 9. Nc3 d6 10. Nge2 Nc6 11.
O-O Bf5 12. f3 a6 13. Rac1 Rfe8 14. Nd5 Rac8 15. e4 Bg6 16. Kh1 Nd8 17. Nec3 Nxd5 18. cxd5 f5 19. f4 Qf6 20. Rce1 Nf7 21. g4 fxg4 22. e5 Qh4 23. f5 Bh5 24. e6 Ne5 25. Qd4 Qe7 26. Ne4 Rf8 27. Ng3 Qh4 28. Rxe5 dxe5 29.
Qxe5 Rce8 30. Qxc7 Rf6 31. d6 Rexe6 32. fxe6 Rxf1+ 33. Bxf1 h6 34. d7 1-0